Map: Ley Lines

Players

Harstem

  • Race: Protoss Protoss
  • League: Grandmaster
  • Spawn Location: 1:00

A.I. 1 (Very Easy) - Winner!

  • Race: Terran Terran
  • Spawn Location: 7:00

VOD

https://www.youtube.com/watch?v=sZjbBter7Ok

Description

Time

  • Played on: Aug. 10, 2025, 2:19 p.m.
  • Length: 8:34
Show
View Real Time Build Order
Export as new Build Order

Harstem Protoss 

Build Orders: 1 Gate Expand, Zealot Archon 

Get SALT Encoding   

  12  0:00  Probe  
  13  0:12  Probe  
  14  0:16  Pylon  
  14  0:24  Probe  
  15  0:33  Probe  
  15  0:36  Gateway  
  15  0:41  Probe  
  16  0:46  Assimilator  
  17  0:51  Probe  
  18  1:03  Probe  
  19  1:15  Probe  
  20  1:21  Nexus  
  20  1:30  Cybernetics Core  
  20  1:33  Probe  
  20  1:38  Assimilator  
  21  1:45  Probe  
  22  1:48  Pylon  
  22  1:54  Stalker  
  22  1:57  Probe  
  23  2:07  Warp Gate  
  25  2:08  Probe  
  25  2:10  Shield Battery  
  26  2:16  Probe  
  27  2:23  Sentry  
  27  2:26  Probe  
  30  2:33  Probe  
  31  2:38  Probe  
  31  2:41  Twilight Council  
  32  2:45  Probe  
  32  2:49  Stalker  
  32  2:50  Probe  
  34  2:58  Probe  
  37  2:59  Gateway  
  37  3:02  Probe  
  38  3:10  Probe  
  39  3:14  Gateway, Probe  
  39  3:18  Charge  
  40  3:22  Probe  
  40  3:25  Pylon  
  40  3:26  Probe  
  42  3:34  Probe  
  42  3:39  Probe  
  44  3:42  Nexus  
  44  3:46  Probe  
  45  3:54  Probe  
  45  3:55  Stalker x2  
  50  3:57  Pylon  
  50  4:01  Probe  
  51  4:06  Phoenix, Probe  
  51  4:08  Stalker  
  54  4:15  Probe  
  54  4:16  Robotics Facility  
  55  4:17  Pylon  
  55  4:18  Probe  
  55  4:21  Zealot  
  58  4:24  Assimilator  
  58  4:25  Stalker  
  58  4:27  Probe  
  61  4:31  Probe  
  61  4:37  Pylon  
  62  4:38  Stalker  
  62  4:40  Probe  
  62  4:42  Probe  
  62  4:43  Zealot  
  68  4:48  Probe  
  68  4:50  Probe x2  
  69  4:56  Probe  
  69  4:57  Zealot  
  69  4:58  Probe x2  
  73  5:02  Zealot  
  73  5:03  Templar Archives  
  73  5:06  Probe  
  78  5:08  Zealot, Probe  
  78  5:10  Probe  
  83  5:15  Pylon  
  83  5:18  Zealot, Probe  
  83  5:21  Probe, Psionic Storm  
  87  5:22  Probe  
  87  5:24  Assimilator  
  87  5:27  Gateway  
  88  5:28  Gateway  
  88  5:31  Gateway  
  88  5:34  Gateway  
  88  5:37  Gateway  
  88  5:46  Phoenix, High Templar  
  88  5:49  Pylon  
  90  5:51  Warp Prism  
  92  5:57  Zealot  
  92  6:00  Pylon, High Templar  
  92  6:04  Pylon  
  96  6:05  Forge  
  96  6:08  Pylon  
  96  6:15  Nexus  
  96  6:17  High Templar  
  98  6:19  Probe, Immortal  
  98  6:22  Zealot x2  
  103  6:26  Protoss Ground Weapons Level 1  
  103  6:32  Zealot x3  
  113  6:34  Zealot  
  113  6:37  Zealot  
  117  6:40  Pylon  
  118  6:53  Zealot x5  
  128  6:58  Pylon  
  128  7:01  Zealot, High Templar x2, Immortal  
  131  7:03  Probe  
  131  7:06  Archon, Pylon  
  135  7:12  Pylon  
  135  7:13  Zealot x2  
  140  7:19  Pylon  
  140  7:21  Zealot x2  
  144  7:30  Probe x3  
  144  7:31  Zealot x2  
  144  7:34  Probe  
  144  7:36  Zealot x2  
  144  7:37  Zealot  
  158  7:38  Zealot, Probe  
  158  7:39  Probe  
  158  7:41  Immortal  
  158  7:42  High Templar x2  
  166  7:46  Probe, Archon  
  166  7:48  Probe  
  166  7:49  Probe  
  170  7:53  Zealot  
  170  7:54  Zealot  
  170  7:58  Zealot x2  
  180  8:03  Pylon  
  180  8:05  Pylon x2  
  181  8:11  Zealot x2  
  185  8:18  Zealot  
  185  8:19  Probe  
  188  8:21  Probe x2  
  188  8:24  Zealot x4  
  188  8:27  Zealot  
Show
View Real Time Build Order
Export as new Build Order

A.I. 1 (Very Easy) Terran - Winner!

Build Orders:  

Get SALT Encoding   

  12  0:00  SCV  
  13  0:13  SCV  
  14  0:18  Supply Depot  
  14  0:37  Refinery  
  14  0:43  Barracks  
  14  1:03  Supply Depot  
  14  1:11  Refinery  
  14  1:30  Marine  
  15  1:33  Orbital Command  
  15  1:49  Barracks Tech Lab  
  15  1:59  SCV  
  16  2:11  SCV  
  17  2:18  Marine  
  18  2:23  SCV  
  19  2:35  SCV  
  20  2:47  SCV  
  21  2:59  SCV  
  24  3:05  Marauder  
  24  3:11  Supply Depot  
  24  3:34  Marine  
  25  4:03  Marauder  
  27  6:46  SCV  
  27  6:47  Marine  
  28  6:49  Supply Depot  
  28  6:51  Factory  
  29  6:55  Command Center  
  29  6:58  SCV  
  30  7:10  SCV  
  30  7:20  Marine  
  29  7:22  SCV  
  26  7:35  SCV  
  27  7:38  Starport  
  27  7:52  Marine  
  28  8:08  SCV  
  28  8:14  Refinery, Starport Tech Lab  
  28  8:15  SCV  
  28  8:19  Refinery  
  27  8:22  SCV  
Tags
 
Composition
Zealot Archon
Matchup
PvT
Player
Harstem
Spawn Locations
Cross Positions
Add a new tag
Caveats
  • Supply blocks, unpowered buildings, or Contaminate may cause inaccurate times.
  • Supply counts are checked every 10 seconds.